 Dungeon Crawl Stone Soup version bcrawl-1.31.4 (webtiles) character file.

Game seed: 17417735592077354636

168916 Morbidden the Gusty (level 7, 43/56 HPs)
             Began as a White Draconian Air Elementalist on June 10, 2021.
             Quit the game on level 4 of the Dungeon.
             The game lasted 00:06:37 (4822 turns).

Morbidden the Gusty (DrAE)                          Turns: 4822, Time: 00:06:37

Health: 43/56      AC:  6    Str: 10    XL:     7   Next: 18%
Magic:  3/14       EV: 12    Int: 17    God:
Gold:   222        SH:  0    Dex: 12    Spells: 7/15 levels left

rFire    . . .     SeeInvis .     - Fists (3.8)
rCold    + . .     Gourm    .   (no shield)
rNeg     . . .     Faith    .   (armour unavailable)
rPois    .         Spirit   .   (helmet restricted)
rElec    .         Reflect  .   (no cloak)
rCorr    .         Harm     .   (no gloves)
MR       +....                  (no boots)
Stlth    ++........             (no amulet)
HPRegen  0.18/turn              p - ring of protection from magic
MPRegen  0.14/turn              (no ring)

@: starving
A: breathe frost, unfitting armour, cold resistance 1, cold-blooded, AC +6
a: Breathe Frost


You were on level 4 of the Dungeon.
You were starving.

You visited 1 branch of the dungeon, and saw 4 of its levels.

You collected 222 gold pieces.

Inventory:

Missiles
 o - 44 poisoned tomahawks (quivered)
Jewellery
 p - a ring of protection from magic (left hand)
Wands
 t - a wand of paralysis (10)
Scrolls
 a - 3 scrolls of teleportation {unknown}
 i - 4 scrolls of identify
 j - a scroll of magic mapping {unknown}
 k - a scroll of remove curse {unknown}
 l - 3 scrolls of enchant armour {unknown}
 m - a scroll of noise {unknown}
 n - 3 scrolls of amnesia {unknown}
Potions
 b - a potion of flight
 c - a potion of magic {unknown}
 d - a potion of invisibility {unknown}
 f - 2 potions of curing
 g - 2 potions of cancellation
 h - a potion of ambrosia {unknown}
 r - a potion of haste {unknown}
 s - a potion of agility {unknown}
Comestibles
 e - 4 rations {!d}


   Skills:
 * Level 2.4 Fighting
 + Level 0.2 Throwing
 * Level 2.6 Dodging
 + Level 2.5 Stealth
 + Level 0.7 Unarmed Combat
 * Level 4.8 Spellcasting
 + Level 1.7 Conjurations
 * Level 5.0 Air Magic


You had 7 spell levels left.
You knew the following spells:

 Your Spells              Type           Power        Failure   Level  Hunger
a - Shock                 Conj/Air       ###..        3%          1    None
b - Static Discharge      Air            ###.....     5%          3    ###....
c - Airstrike             Air            ###.......   19%         4    #####..

Your spell library contained the following spells:

 Spells                   Type           Power        Failure   Level  Hunger
 Swiftness                Chrm/Air       ##......     8%          2    None
 Lightning Bolt           Conj/Air       ###.......   69%         5    ######.


Dungeon Overview and Level Annotations

Branches:
Dungeon (4/12)
 Temple: D:4-7

Altars:
Dithmenos
Fedhas
Okawaru
Sif Muna
Uskayaw
Xom


Innate Abilities, Weirdness & Mutations

You can breathe waves of freezing cold.
You can buffet flying creatures when you breathe cold.
Your icy white scales are hard. (AC +6)
You cannot fit into any form of body armour.
Your flesh is cold resistant. (rC+)
You are cold-blooded and may be slowed by cold attacks.


Message History

You tail-slap the quokka skeleton, but do no damage.
The quokka skeleton is severely damaged.
The quokka skeleton barely misses you.
You closely miss the quokka skeleton. You tail-slap the quokka skeleton.
You destroy the quokka skeleton!
You feel sick.
You are no longer poisoned.
No path to travel!
You need to eat something NOW!
You need to eat something NOW!
No path to travel!
You need to eat something NOW!
You need to eat something NOW!
You are too hungry to fight recklessly!
You need to eat something NOW!
You are too hungry to fight recklessly!
You are too hungry to fight recklessly!
You don't have the energy to cast spells.
Unknown command.
Are you sure you want to abandon this character and quit the game? (Confirm with "yes".)

.................<#
..##...........##..#..#
............##.###.#..##
..##.#......'... ......
.###.#......##.# #...#
.# #.######.##†# ....#
.###.######.##.###....#
..........%...........#
..##............@..#...
..####......##.###.# ..#
#.......##.# #
............##.#
................
.......######.# .......#
#.# ........ ........


There were no monsters in sight!

Vanquished Creatures
  A phantom (D:4)
  An ogre (D:4)
  4 crimson imps (D:4)
  A jelly (D:3)
  An orc wizard (D:4)
  An orc priest (D:3)
  2 worker ants
  4 adders
  2 oozes
  An adder zombie (D:4)
  4 worms
  3 dart slugs
  3 leopard geckos
  13 orcs
  3 ball pythons
  2 giant cockroaches
  7 hobgoblins
  8 jackals
  9 kobolds
  5 quokkas
  2 bats
  3 frilled lizards
  4 goblins
  A jackal skeleton (D:4)
  A quokka skeleton (D:4)
  4 rats
90 creatures vanquished.

Notes
Turn   | Place    | Note
-------+----------+-------------------------------------------
     0 | D:1      | Morbidden the Draconian Air Elementalist began the quest
                  | for the Orb.
     0 | D:1      | Reached XP level 1. HP: 14/14 MP: 3/3
   386 | D:1      | Reached XP level 2. HP: 20/20 MP: 3/5
   832 | D:2      | Noticed a +0 spear
   832 | D:2      | Noticed a +0 dagger
   832 | D:2      | Noticed a +0 spear
   833 | D:2      | Noticed a +0 falchion
   834 | D:2      | Noticed a +0 dagger
   834 | D:2      | Noticed a +0 falchion
   835 | D:2      | Noticed a +0 short sword
   835 | D:2      | Noticed a +0 short sword
  1023 | D:2      | Found a hide-covered altar of Uskayaw.
  1260 | D:2      | Found a blossoming altar of Fedhas.
  1339 | D:2      | Reached XP level 3. HP: 22/27 MP: 1/6
  1403 | D:2      | Found a shimmering blue altar of Sif Muna.
  1441 | D:2      | Found an iron altar of Okawaru.
  1571 | D:2      | Found a shadowy altar of Dithmenos.
  1728 | D:3      | Reached skill level 1 in Fighting
  1728 | D:3      | Reached skill level 4 in Air Magic
  1728 | D:3      | Reached XP level 4. HP: 28/35 MP: 0/7
  1732 | D:3      | Learned a level 3 spell: Static Discharge
  1737 | D:3      | Learned a level 4 spell: Airstrike
  1772 | D:3      | Found a faded altar of an unknown god.
  2841 | D:3      | Reached XP level 5. HP: 25/40 MP: 0/9
  4050 | D:4      | Noticed an ogre
  4055 | D:4      | Killed an ogre
  4056 | D:4      | Reached XP level 6. HP: 47/47 MP: 11/11
  4077 | D:4      | Found a shimmering altar of Xom.
  4709 | D:4      | Reached skill level 5 in Air Magic
  4709 | D:4      | Your scales start taking on an icy white colour.
  4709 | D:4      | Reached XP level 7. HP: 25/56 MP: 1/14
  4709 | D:4      | Gained mutation: Your flesh is cold resistant. (rC+) [White
                  | Draconian growth]
  4822 | D:4      | Quit the game

Skill      XL: |  1  2  3  4  5  6 |
---------------+-------------------+-----
Fighting       | 1 2 |  2.4
Dodging        | 2 |  2.6
Air Magic      | 4 5 |  5.0
Spellcasting   | 3 4 |  4.8
Throwing       | |  0.2
Stealth        | |  2.5
Unarmed Combat | |  0.7
Conjurations   | |  1.7

Action                   |  1- 3 |  4- 6 |  7- 9 || total
-------------------------+-------+-------+-------++-------
Melee: Unarmed           |    30 |   109 |    13 ||   152
       Tailslap          |     2 |    16 |     2 ||    20
Throw: Tomahawk          |       |    13 |       ||    13
 Cast: Shock             |    56 |   143 |       ||   199
       Static Discharge  |       |    13 |     5 ||    18
       Airstrike         |       |     7 |       ||     7
 Abil: Breathe Frost     |       |       |     1 ||     1
  Use: Potion            |       |     4 |       ||     4
  Eat: Chunk             |     4 |    15 |       ||    19
       Ration            |       |     1 |       ||     1
Armor: Skin              |    14 |    36 |     6 ||    56
Dodge: Dodged            |    33 |    95 |    19 ||   147
